Map: Oceanborn LE

Players

Maxim

  • Race: Protoss Protoss
  • League: Diamond
  • Spawn Location: 11:00

IIIIIIIIIIII - Winner!

  • Race: Terran Terran
  • League: Diamond
  • Spawn Location: 5:00

VOD

Have the link to the VOD?

Description

Time

  • Played on: Jan. 27, 2024, 9:29 a.m.
  • Length: 5:23
Show
View Real Time Build Order
Export as new Build Order

Maxim Protoss 

Build Orders: 1 Gate Expand, Blink Stalkers 

Get SALT Encoding   

  12  0:01  Probe  
  13  0:13  Probe  
  14  0:19  Pylon  
  14  0:26  Probe (Chrono Boost)  
  15  0:38  Probe (Chrono Boost)  
  15  0:39  Gateway  
  16  0:47  Assimilator, Probe (Chrono Boost)  
  17  0:52  Probe  
  18  1:04  Probe  
  19  1:16  Probe  
  20  1:26  Cybernetics Core  
  20  1:28  Probe  
  21  1:35  Nexus  
  21  1:41  Pylon  
  21  1:47  Probe  
  22  1:50  Assimilator  
  22  1:59  Probe  
  22  2:00  Stalker (Chrono Boost)  
  23  2:04  Warp Gate  
  25  2:11  Probe  
  25  2:13  Shield Battery  
  26  2:23  Probe  
  26  2:24  Stalker  
  29  2:35  Probe  
  30  2:41  Twilight Council  
  30  2:47  Probe  
  31  2:53  Probe  
  32  2:59  Probe  
  32  3:02  Pylon  
  32  3:05  Probe  
  34  3:07  Blink (Chrono Boost)  
  34  3:11  Probe (Chrono Boost)  
  35  3:15  Stalker  
  35  3:18  Probe (Chrono Boost)  
  38  3:23  Probe (Chrono Boost)  
  39  3:30  Probe (Chrono Boost)  
  39  3:32  Probe (Chrono Boost)  
  41  3:34  Probe (Chrono Boost)  
  41  3:38  Probe  
  43  3:44  Probe  
  43  3:47  Nexus  
  44  3:50  Probe  
  44  3:53  Pylon  
  45  3:56  Probe  
  45  4:02  Probe  
  47  4:08  Sentry, Gateway, Probe  
  50  4:11  Gateway  
  50  4:16  Robotics Facility  
  50  4:20  Probe x2  
  50  4:23  Assimilator  
  52  4:25  Assimilator  
  52  4:31  Pylon  
  52  4:37  Pylon  
  52  4:38  Probe x2  
  54  4:43  Pylon  
  54  4:47  Pylon  
  54  4:55  Probe x2  
  54  4:59  Stalker  
  58  5:02  Shield Battery, Stalker  
  60  5:07  Observer (Chrono Boost), Probe  
  60  5:11  Robotics Bay  
Show
View Real Time Build Order
Export as new Build Order

IIIIIIIIIIII Terran - Winner!

Build Orders:  

Get SALT Encoding   

  12  0:00  SCV  
  13  0:12  SCV  
  14  0:17  Supply Depot  
  14  0:24  SCV  
  15  0:38  SCV  
  15  0:40  Barracks  
  16  0:46  Refinery  
  16  0:50  SCV  
  17  1:03  SCV  
  18  1:15  SCV  
  19  1:27  Orbital Command  
  19  1:28  Marine  
  20  1:46  Command Center  
  20  1:48  Barracks Reactor  
  20  1:53  SCV  
  21  2:03  Supply Depot  
  21  2:05  SCV  
  22  2:17  SCV  
  22  2:18  Barracks  
  23  2:25  Marine x2  
  25  2:30  SCV  
  25  2:36  Barracks  
  26  2:41  Bunker  
  26  2:44  SCV  
  27  2:45  Marine  
  28  2:53  Marine  
  28  2:56  SCV  
  28  2:58  Orbital Command  
  30  3:03  Marine  
  31  3:08  SCV  
  31  3:11  Barracks Tech Lab  
  32  3:20  SCV  
  32  3:23  Marine  
  32  3:24  Marine  
  35  3:27  SCV  
  35  3:28  Barracks Tech Lab  
  35  3:31  Stimpack, Marauder  
  35  3:33  SCV  
  39  3:37  Supply Depot  
  39  3:39  SCV, Supply Depot  
  40  3:43  Marine x2  
  40  3:45  SCV  
  40  3:47  Combat Shield, Marine  
  44  3:52  SCV  
  45  3:57  SCV  
  45  3:59  Marauder  
  45  4:01  Marine x2  
  50  4:06  SCV  
  50  4:07  Marauder  
  53  4:13  SCV  
  54  4:18  SCV  
  54  4:19  Marine x2, Supply Depot  
  54  4:22  Refinery  
  54  4:23  Factory  
  57  4:26  Marine  
  57  4:28  Marine  
  59  4:32  SCV  
  59  4:33  SCV  
  59  4:35  Refinery  
  61  4:44  Marine x2  
  61  4:45  Marine, SCV  
  65  4:46  Marine  
  65  4:47  SCV  
  67  4:53  Command Center  
  67  4:57  SCV  
  68  5:03  SCV  
  69  5:07  Supply Depot, Starport  
  69  5:08  Factory Reactor, Supply Depot  
  69  5:09  SCV  
Tags
 
Add a new tag
Caveats
  • Supply blocks, unpowered buildings, or Contaminate may cause inaccurate times.
  • Supply counts are checked every 10 seconds.